 Dungeon Crawl Stone Soup version 0.29-a0-973-gac7da5f7f0 (webtiles) character file.

Game seed: 6230682516016257253

266 vineage the Covered (level 6, -11/39 HPs)
             Began as a Gargoyle Fighter on July 31, 2022.
             Mangled by an ogre
             ... wielding a +0 giant club
              (21 damage)
             ... on level 4 of the Dungeon.
             The game lasted 00:03:10 (3672 turns).

vineage the Covered (Gargoyle Fighter)              Turns: 3672, Time: 00:03:11

Health: -11/39     AC: 11    Str: 22    XL:     6   Next: 20%
Magic:  6/6        EV:  9    Int:  8    God:
Gold:   287        SH:  4    Dex:  9    Spells: 5/5 levels left

rFire   . . .      SeeInvis .   l - +3 whip (chaos)
rCold   . . .      Faith    .   c - +0 buckler
rNeg    + . .      Spirit   .   b - +0 scale mail
rPois   ∞          Reflect  .   (no helmet)
rElec   +          Harm     .   (no cloak)
rCorr   .          Rampage  .   (no gloves)
Will    .....                   (no boots)
Stlth   ..........              (no amulet)
HPRegen 0.13/turn               (no ring)
MPRegen 0.10/turn               (no ring)

@: studying Armour
A: sickness immunity, AC +4, negative energy resistance 1, electricity
resistance, torment resistance 1, petrification resistance
a: no special abilities


You were on level 4 of the Dungeon.
You visited 1 branch of the dungeon, and saw 4 of its levels.

You collected 287 gold pieces.

Inventory:

Hand Weapons
 a - a +0 flail
 l - a +3 whip of chaos (weapon)
Armour
 b - a +0 scale mail (worn)
 c - a +0 buckler (worn)
Jewellery
 k - a ring of ice
Scrolls
 e - a scroll of fog
 g - a scroll of amnesia
 j - 2 scrolls of teleportation
Potions
 d - a potion of might
 f - a potion of attraction
 h - a potion of heal wounds {unknown}
 i - 2 potions of brilliance
 m - a potion of invisibility {unknown}
 n - a potion of curing
 o - a potion of cancellation


   Skills:
 + Level 4.3 Fighting
 * Level 4.2 Maces & Flails
 + Level 5.0 Armour
 + Level 4.4 Shields


You had 5 spell levels left.
You didn't know any spells.
Your spell library contained the following spells:

 Spells                   Type           Power      Damage    Failure   Level
 Freeze                   Ice            0%         1d3       80%         1
 Shock                    Conj/Air       0%         1d3       80%         1
 Slow                     Hex            0%         N/A       80%         1
 Confusing Touch          Hex            0%         N/A       99%         3
 Frozen Ramparts          Ice            0%         1d2       99%         3
 Swiftness                Air            0%         N/A       99%         3
 Vampiric Draining        Necr           0%         2d6       99%         3
 Airstrike                Air            0%         0-1+      100%        4
 Hailstorm                Conj/Ice       0%         3d3       100%        4
 Agony                    Necr           0%         N/A       100%        5
 Irradiate                Conj/Tmut      0%         3d11      100%        5
 Borgnjor's Revivificati  Necr           0%         N/A       100%        8


Dungeon Overview and Level Annotations

Branches:
Dungeon (4/15)
 Temple: D:4-7

Altars:
Dithmenos
Qazlal
Trog


Innate Abilities, Weirdness & Mutations

You are immune to sickness and miasma.
Your stone body is resilient. (AC +4)
You are immune to poison.
You resist negative energy. (rN+)
You are resistant to electric shocks. (rElec)
You are resistant to unholy torment.
You are immune to petrification.


Message History

Things that are here:
a +0 dagger of draining; 8 stones; a kobold corpse
j - 2 scrolls of teleportation (gained 1)
You now have 281 gold pieces (gained 11).
m - a golden potion
Found 7 stones.
You see here 7 stones.
You now have 287 gold pieces (gained 6).
An ogre comes into view. It is wielding a +0 giant club.
An ogre is nearby!
An ogre is nearby!
The ogre shouts!
The ogre hits you with a +0 giant club!!
Ouch! That really hurt!
You are too injured to fight recklessly!
You are too injured to fight recklessly!
You are too injured to fight recklessly!
You are too injured to fight recklessly!
You are too injured to fight recklessly!
You are too injured to fight recklessly!
You are too injured to fight recklessly!
You are too injured to fight recklessly!
You are too injured to fight recklessly!
You are too injured to fight recklessly!
You are too injured to fight recklessly!
You are too injured to fight recklessly!
You are too injured to fight recklessly!
You are too injured to fight recklessly!
You hit the ogre but do no damage. The ogre hits you with a +0 giant club!
* * * LOW HITPOINT WARNING * * *
You hit the ogre. You freeze the ogre.
The ogre is moderately wounded.
You whack the ogre!
The ogre is heavily wounded.
The ogre barely misses you.
You hit the ogre. You burn the ogre.
The ogre is heavily wounded.
The ogre hits you with a +0 giant club!!
Ouch! That really hurt!
You die...

....#
#.....##############
....#
#.###...............
....### #.#
################
(.....# #.# #
......### #.# ###
........######.######
#..
.#..................#
#.#
#.......######...##.#
#.# ......### ###@#
########.# #.....#
#O# ##.........
.#.#.## #.# .
#...#####.. ...#..
... ..#.#.#.## #..
.#.### #.. .....##.#
#.. #.#...#.###.##
#.. #.##. ##.#.## #..
...#.####.#.####..
........).##.#


You could see an ogre.

Vanquished Creatures
  A black bear (D:4)
  A phantom (D:4)
  2 adders
  A worm (D:3)
  A dart slug (D:3)
  10 bats
  10 endoplasms
  5 giant cockroaches
  9 goblins
  2 hobgoblins
  2 jackals (D:4)
  7 kobolds
  3 quokkas
  6 ball pythons
  5 frilled lizards
  7 rats
72 creatures vanquished.

Notes
Turn   | Place    | Note
-------+----------+-------------------------------------------
     0 | D:1      | vineage the Gargoyle Fighter began the quest for the Orb.
     0 | D:1      | Reached XP level 1. HP: 14/14 MP: 1/1
   506 | D:1      | Reached XP level 2. HP: 15/19 MP: 2/2
  1010 | D:1      | Reached XP level 3. HP: 13/23 MP: 3/3
  1691 | D:2      | Identified a scroll of acquirement
  1691 | D:2      | Acquired a manual of Armour
  1774 | D:2      | Got the Omnibus of Dark Variation
  1779 | D:2      | Found a faded altar of an unknown god.
  1789 | D:2      | You fall into a shaft and drop 2 floors!
  1802 | D:4      | Noticed a phantom
  1822 | D:4      | Killed a phantom
  1823 | D:4      | Reached skill level 4 in Armour
  1823 | D:4      | Reached XP level 4. HP: 15/29 MP: 4/4
  1823 | D:4      | Reached XP level 5. HP: 17/33 MP: 5/5
  2231 | D:4      | Found a bloodstained altar of Trog.
  2305 | D:3      | Found a stormy altar of Qazlal.
  2847 | D:3      | Found a shadowy altar of Dithmenos.
  3253 | D:4      | Noticed a black bear
  3323 | D:4      | Killed a black bear
  3324 | D:4      | Reached skill level 5 in Armour
  3324 | D:4      | Reached XP level 6. HP: 29/39 MP: 6/6
  3672 | D:4      | Mangled by an ogre

Illustrated notes

Levels and vault maps discovered:
D:1:      sevenhm_arrival_forest_fort_large_4, layout_basic,
          minmay_tiny_reverse_x
D:2:      minmay_diamond_boxcup, layout_basic,
          shapermc_ecumenical_altar_mp_ritualfount
D:3:      layout_basic, overflow_temple_1_default, mainiacjoe_overflow_boulevard
D:4:      layout_loops_ring, mainiacjoe_overflow_concentric_impassable,
          temple_hall, minmay_splitting_lines

Skill      XL: |  1  2  3  4  5 |
---------------+----------------+-----
Fighting       | 4 |  4.3
Maces & Flails | 3 4 |  4.2
Armour         | 4 5 |  5.0
Shields        | 4 |  4.4

Action                   |  1- 3 |  4- 6 || total
-------------------------+-------+-------++-------
Melee: Flail             |    40 |       ||    40
       Whip              |    52 |   101 ||   153
  Use: Scroll            |     6 |     5 ||    11
Armor: Scale mail        |    41 |    50 ||    91
Dodge: Dodged            |    43 |    56 ||    99
Block: Buckler           |    19 |    26 ||    45

Table legend: (Time is in decaauts)
 A = Elapsed time spent in this place.
 B = Non-inter-level travel time spent in this place.
 C = Inter-level travel time spent in this place.
 D = Time resting spent in this place.
 E = Time spent auto-exploring this place.
 F = Levels seen in this place.
 G = Mean time per level.
                   A        B        C        D        E       F      G
               +--------+--------+--------+--------+--------+-----+--------+
         Total |   3682 |   3595 |     87 |    343 |   2734 |   4 |  920.5 |
       Dungeon |   3682 |   3595 |     87 |    343 |   2734 |   4 |  920.5 |
               +--------+--------+--------+--------+--------+-----+--------+

Top non-repeatable levels by time:
     D:1: 1534 daAuts
     D:4: 887 daAuts
     D:3: 642 daAuts
     D:2: 618 daAuts
